 Dungeon Crawl Stone Soup version 0.27.1 (webtiles) character file.

Game seed: 17185602712623243166

1344 pkoi the Cleaver (level 8, -3/70 HPs)
             Began as a Minotaur Gladiator on Aug 27, 2021.
             Was a Believer of the Shining One.
             Slain by a two-headed ogre (12 damage)
             ... on level 5 of the Dungeon.
             The game lasted 00:05:55 (5991 turns).

pkoi the Cleaver (Minotaur Gladiator)               Turns: 5991, Time: 00:05:56

Health: -3/70      AC:  8    Str: 20    XL:     8   Next: 36%
Magic:  7/7        EV: 15    Int:  5    God:    the Shining One [**....]
Gold:   202        SH:  0    Dex: 13    Spells: 7/7 levels left

rFire    . . .     SeeInvis .   a - +0 war axe
rCold    . . .     Faith    .   (no shield)
rNeg     + . .     Spirit   .   n - +0 scale mail
rPois    .         Reflect  .   k - +1 hat
rElec    .         Harm     .   (no cloak)
rCorr    .         Rampage  .   (no gloves)
Will     +....                  (no boots)
Stlth    ..........             (no amulet)
HPRegen  0.21/turn              r - ring of willpower
MPRegen  0.10/turn              m - +4 ring of evasion

@: glowing
A: horns 2, retaliatory headbutt
a: Renounce Religion, Divine Shield


You were on level 5 of the Dungeon.
You worshipped the Shining One.
The Shining One was pleased with you.
You visited 1 branch of the dungeon, and saw 5 of its levels.

You collected 202 gold pieces.

Inventory:

Hand Weapons
 a - a +0 war axe (weapon)
Missiles
 d - 3 throwing nets (quivered)
Armour
 k - a +1 hat (worn)
 n - a +0 scale mail (worn)
Jewellery
 i - a ring of protection from cold
 m - a +4 ring of evasion (right hand)
 r - a ring of willpower (left hand)
Wands
 g - a wand of polymorph (17)
 j - a wand of iceblast (11)
Scrolls
 b - 2 scrolls of torment {unknown}
 c - a scroll of enchant armour {unknown}
 e - 3 scrolls of identify
 l - a scroll of blinking {unknown}
 p - a scroll of teleportation
Potions
 f - a potion of brilliance {unknown}
 h - a potion of heal wounds {unknown}
 o - a potion of curing
 q - a potion of might {unknown}
 s - a potion of mutation {unknown}


   Skills:
 + Level 6.0 Fighting
 + Level 8.3 Axes
 - Level 2.0 Throwing
 + Level 5.3 Armour
 - Level 3.2 Dodging
 + Level 4.0 Evocations


You had 7 spell levels left.
You didn't know any spells.
Your spell library contained the following spells:

 Spells                   Type           Power      Damage    Failure   Level
 Beastly Appendage        Tmut           0%         N/A       82%         1
 Wereblood                Tmut           0%         N/A       91%         2
 Spider Form              Tmut/Pois      0%         N/A       99%         3


Dungeon Overview and Level Annotations

Branches:
Dungeon (5/15)
 Temple: D:4-7

Altars:
The Shining One

Shops:
D:3 ?   D:4 :   D:5 :

Annotations:
D:2 Sigmund


Innate Abilities, Weirdness & Mutations

You have a pair of horns on your head.
You reflexively headbutt those who attack you in melee.


Message History

A two-headed ogre is nearby!
Found a plate armour.
You see here 12 gold pieces.
You now have 202 gold pieces (gained 12).
You slash the two-headed ogre!
The two-headed ogre is lightly wounded.
The two-headed ogre barely misses you. You furiously retaliate!
You headbutt the two-headed ogre, but do no damage.
The two-headed ogre hits you with a +0 giant club!
You barely miss the two-headed ogre.
Your headbutt misses the two-headed ogre.
The two-headed ogre is lightly wounded.
The two-headed ogre barely misses you. The two-headed ogre closely misses you.
You hit the two-headed ogre but do no damage.
The two-headed ogre is lightly wounded.
The two-headed ogre hits you with a +0 giant club! x2
* * * LOW HITPOINT WARNING * * *
You hit the two-headed ogre.
You headbutt the two-headed ogre, but do no damage.
The two-headed ogre is lightly wounded.
You slash the two-headed ogre!
The two-headed ogre is moderately wounded.
The two-headed ogre closely misses you. You furiously retaliate!
You headbutt the two-headed ogre. The two-headed ogre barely misses you.
You completely miss the two-headed ogre.
The two-headed ogre is heavily wounded.
The two-headed ogre completely misses you.
You furiously retaliate!
You headbutt the two-headed ogre!
The two-headed ogre hits you with a +0 giant club!
* * * LOW HITPOINT WARNING * * *
You hit the two-headed ogre.
The two-headed ogre is severely wounded.
The two-headed ogre hits you with a +0 giant club!
* * * LOW HITPOINT WARNING * * *
The two-headed ogre barely misses you.
Unknown command.
You hit the two-headed ogre.
The two-headed ogre is almost dead.
The two-headed ogre hits you with a +0 giant club!
You die...

#.# ##.#
###..###
####......##
####....####..##
###....####
##..###
#...######
##..[##
#....##.....####
###..## #..###
#.@......# ##..#
#. #..O.......
#...
#...........
#...
#...........
#... ###
#...........#
#... ..#
#..........##
##... ..##
......[...##
##.... ...#
#.........##
#..... ...#
#..##..


You could see a two-headed ogre.

Vanquished Creatures
  A hornet zombie (D:5)
  A black bear (D:5)
  An ice beast (D:3)
  A necrophage (D:5)
  4 ogres
  A centaur (D:4)
  A bullfrog (D:5)
  3 scorpions (D:4)
  3 bullfrog skeletons (D:5)
  A hound (D:5)
  Jessica (D:2)
  A hound zombie (D:3)
  A hound skeleton (D:4)
  A howler monkey zombie (D:5)
  8 adders
  2 ufetubi (D:4)
  A worm (D:3)
  A dart slug (D:3)
  8 ball pythons
  6 endoplasms
  4 giant cockroaches
  9 goblins
  5 hobgoblins
  2 jackals (D:2)
  4 quokkas (D:2)
  3 bats
  6 frilled lizards
  7 kobolds
  A quokka skeleton (D:4)
  5 rats
93 creatures vanquished.

Notes
Turn   | Place    | Note
-------+----------+-------------------------------------------
     0 | D:1      | pkoi the Minotaur Gladiator began the quest for the Orb.
     0 | D:1      | Reached XP level 1. HP: 18/18 MP: 0/0
   115 | D:1      | Reached skill level 4 in Axes
   173 | D:1      | Reached XP level 2. HP: 24/25 MP: 1/1
   643 | D:1      | Found a faded altar of an unknown god.
   853 | D:1      | Became a worshipper of the Shining One
   853 | D:1      | Reached * piety under the Shining One
  1021 | D:2      | Noticed Sigmund
  1334 | D:2      | Noticed Jessica
  1343 | D:2      | Killed Jessica
  1344 | D:2      | Reached skill level 5 in Axes
  1344 | D:2      | Reached XP level 3. HP: 30/30 MP: 2/2
  1801 | D:2      | Reached skill level 6 in Axes
  1801 | D:2      | Reached XP level 4. HP: 37/37 MP: 3/3
  2375 | D:3      | Reached ** piety under the Shining One
  2479 | D:3      | Noticed an ice beast
  2492 | D:3      | Killed an ice beast
  2493 | D:3      | Reached skill level 1 in Armour
  2493 | D:3      | Reached skill level 1 in Evocations
  2493 | D:3      | Reached XP level 5. HP: 14/45 MP: 4/4
  2817 | D:3      | Noticed an ogre
  2824 | D:3      | Killed an ogre
  2825 | D:3      | Reached XP level 6. HP: 45/51 MP: 5/5
  3044 | D:3      | Found Ihuowade's Magic Scroll Boutique.
  3833 | D:4      | Reached skill level 7 in Axes
  4310 | D:4      | Found Qatiengeoq's Book Boutique.
  4839 | D:4      | Reached XP level 7. HP: 60/60 MP: 6/6
  5091 | D:5      | Entered Level 5 of the Dungeon
  5360 | D:5      | Reached skill level 5 in Fighting
  5548 | D:5      | Reached XP level 8. HP: 64/69 MP: 7/7
  5588 | D:5      | Found Qiufeum's Book Shop.
  5595 | D:5      | Reached skill level 8 in Axes
  5623 | D:5      | Reached skill level 5 in Armour
  5980 | D:5      | Noticed a two-headed ogre
  5991 | D:5      | Slain by a two-headed ogre

Illustrated notes

Levels and vault maps discovered:
D:1:      lightli_arrival_farm, layout_basic,
          hellmonk_ecumenical_altar_leap_of_faith
D:2:      minmay_diamond_boxcup, layout_basic, uniq_jessica, uniq_sigmund
D:3:      layout_loops_ring, serial_shops, shop, minmay_quadrilaterals
D:4:      layout_basic, serial_shops, shop_statue, chequers_mini_garden,
          abandoned_shop
D:5:      layout_cave_pods, serial_shops, shop, uniq_eustachio

Skill      XL: |  1  2  3  4  5  6  7  8 |
---------------+-------------------------+-----
Axes           | 4 5 6 7 8 |  8.3
Fighting       | 3 4 5 6 |  6.0
Armour         | 1 2 3 4 5 |  5.3
Evocations     | 1 2 3 4 |  4.0
Throwing       | |  2.0
Dodging        | |  3.2

Action                   |  1- 3 |  4- 6 |  7- 9 || total
-------------------------+-------+-------+-------++-------
Melee: War axe           |    60 |    87 |    62 ||   209
       Headbutt          |     3 |    11 |    12 ||    26
       Unarmed           |     5 |       |       ||     5
  Use: Scroll            |       |     4 |       ||     4
Armor: Leather armour    |    12 |    15 |       ||    27
       Scale mail        |       |     5 |    17 ||    22
Dodge: Dodged            |    37 |    76 |    53 ||   166
